 Dungeon Crawl Stone Soup version 0.28.0-45-g0d030f2227 (webtiles) character file.

Game seed: 1709360198701681373

39 VictoriousLee the Chopper (level 3, -1/29 HPs)
             Began as a Formicid Fighter on Apr 15, 2022.
             Killed from afar by Natasha (6 damage)
             ... with a magic dart
             ... on level 2 of the Dungeon.
             The game lasted 00:02:42 (1292 turns).

VictoriousLee the Chopper (Formicid Fighter)        Turns: 1292, Time: 00:02:42

Health: -1/29      AC:  6    Str: 22    XL:     3   Next: 67%
Magic:  3/3        EV:  9    Int:  7    God:
Gold:   97         SH:  4    Dex: 10    Spells: 2/2 levels left

rFire   . . .      SeeInvis +   a - +0 war axe
rCold   . . .      Faith    .   c - +0 buckler
rNeg    . . .      Spirit   .   b - +0 scale mail
rPois   .          Reflect  .   (helmet unavailable)
rElec   .          Harm     .   (no cloak)
rCorr   .          Rampage  .   (no gloves)
Will    .....                   (no boots)
Stlth   ..........              (no amulet)
HPRegen 0.09/turn               (no ring)
MPRegen 0.08/turn               (no ring)

@: no status effects
A: permanent stasis, dig shafts and tunnels, antennae 3, four strong arms
a: Dig, Shaft Self


You were on level 2 of the Dungeon.
You visited 1 branch of the dungeon, and saw 2 of its levels.

You collected 97 gold pieces.

Inventory:

Hand Weapons
 a - a +0 war axe (weapon)
Missiles
 i - 29 stones
 l - 24 bolts
Armour
 b - a +0 scale mail (worn)
 c - a +0 buckler (worn)
 e - a +0 ring mail
Magical Staves
 f - a staff of conjuration
Scrolls
 g - 3 scrolls of fog {unknown}
Potions
 d - a potion of might
 h - a potion of cancellation {unknown}
 j - a potion of lignification {unknown}
 k - a potion of curing {unknown}


   Skills:
 - Level 3.2 Fighting
 + Level 3.7 Axes
 - Level 3.2 Armour
 - Level 3.6 Shields


You had 2 spell levels left.
You didn't know any spells.
Your spell library contained the following spells:

 Spells                   Type           Power      Damage    Failure   Level
 Animate Skeleton         Necr           0%         N/A       83%         1
 Pain                     Necr           0%         1d4       83%         1
 Vampiric Draining        Necr           0%         2d6       99%         3


Dungeon Overview and Level Annotations

Branches:
Dungeon (2/15)

Altars:

Annotations:
D:2 Natasha


Innate Abilities, Weirdness & Mutations

You cannot be hasted, slowed, berserked, paralysed or teleported.
You can dig through walls and to a lower floor.
You have a pair of large antennae on your head. (SInv)
Your four strong arms can wield two-handed weapons with a shield.


Message History

You block Natasha's attack.
You barely miss Natasha. You hit the hobgoblin but do no damage.
The hobgoblin hits you but does no damage.
Natasha closely misses you. The hobgoblin hits you.
You barely miss Natasha. You hit the hobgoblin but do no damage.
Natasha claws you. You block the hobgoblin's attack.
You hit Natasha but do no damage. You closely miss the hobgoblin.
Natasha mewls in sadness.
Natasha claws you but does no damage.
The hobgoblin hits you but does no damage.
Natasha claws you.
You hit the hobgoblin.
You kill the hobgoblin!
You closely miss Natasha. Natasha claws you.
You closely miss Natasha.
Natasha stares at you and mumbles some strange words.
The magic dart hits you!
You closely miss Natasha. Natasha claws you but does no damage.
Natasha mumbles some strange words.
Natasha's front paws start to glow.
Natasha closely misses you.
You slash Natasha!
Natasha is heavily wounded.
Natasha claws you but does no damage.
You miss Natasha.
Natasha is heavily wounded.
Natasha casts a spell at you. The magic dart hits you.
* * * LOW HITPOINT WARNING * * *
You hit Natasha but do no damage.
Natasha is heavily wounded.
Natasha mumbles some strange words.
Natasha claws you.
* * * LOW HITPOINT WARNING * * *
You barely miss Natasha.
Natasha is heavily wounded.
You closely miss the crimson imp.
Natasha stares at you and mumbles some strange words.
The magic dart hits you.
You die...

#+# #
####.################...
..........>....5.h......
................@.....).
####.#####.#########.###
.........#.#
.###.###.#.#########
.....#...#.........
########.#####...###
................#.######
#######...#.......†<...#
###.#.....#.#.#.##


You could see Natasha and a crimson imp (summoned).

Vanquished Creatures
  5 endoplasms
  2 goblins (D:1)
  5 hobgoblins
  3 quokkas (D:1)
  3 ball pythons (D:1)
  9 bats
  3 frilled lizards (D:1)
  3 kobolds (D:1)
  2 rats
  A spectral kobold (D:1)
36 creatures vanquished.

Notes
Turn   | Place    | Note
-------+----------+-------------------------------------------
     0 | D:1      | VictoriousLee the Formicid Fighter began the quest for the
                  | Orb.
     0 | D:1      | Reached XP level 1. HP: 18/18 MP: 1/1
    58 | D:1      | Reached XP level 2. HP: 13/24 MP: 2/2
   388 | D:1      | Found a faded altar of an unknown god.
   458 | D:1      | Reached XP level 3. HP: 29/29 MP: 3/3
  1276 | D:2      | Noticed Natasha
  1292 | D:2      | Killed from afar by Natasha

Illustrated notes

Levels and vault maps discovered:
D:1:      roderic_chinese_lattice_arrival, layout_rooms,
          dreamdust_ecumenical_altar_drowned_temple, minmay_misc_feat_tower,
          minmay_tromino_v4_c
D:2:      layout_basic, uniq_natasha

Skill      XL: |  1  2 |
---------------+-------+-----
Axes           | 3 |  3.7
Fighting       | |  3.2
Armour         | |  3.2
Shields        | |  3.6

Action                   || total
-------------------------++-------
Melee: War axe           ||    89
Armor: Scale mail        ||    47
Dodge: Dodged            ||    44
Block: Buckler           ||    25
